 Dungeon Crawl Stone Soup version 0.17.0-15-g6d90897 (webtiles) character file.

257 MDvedh the Cudgeler (level 5, -1/46 HPs)
             Began as a Minotaur Enchanter on Nov 10, 2015.
             Succumbed to kobold's curare-tipped needle
             ... on level 3 of the Dungeon.
             The game lasted 00:05:55 (3017 turns).

MDvedh the Cudgeler (Minotaur Enchanter)            Turns: 3017, Time: 00:05:55

Health: -1/46      AC:  8    Str: 14    XL:     5   Next: 93%
Magic:  2/2        EV:  5    Int: 12    God:
Gold:   133        SH:  3    Dex: 10    Spells: 1 memorised, 5 levels left

rFire  . . .     SeeInvis .     e - +0 flail (antimagic)
rCold  . . .     Clarity  .     o - +0 chain mail
rNeg   . . .     SustAt   .     b - +0 buckler
rPois  .         Gourm    .     (helmet restricted)
rElec  .         Spirit   .     (no cloak)
rCorr  .         Warding  .     (no gloves)
rMut   .         Stasis   .     (no boots)
MR     .....                    (no amulet)
Stlth  ..........               (no ring)
                                (no ring)

@: lethally poisoned (-1 -> -21), flying, slowed, very slow, not resistant to
hostile enchantments, extremely unstealthy
A: retaliatory headbutt, horns 2
a: no special abilities


You were on level 3 of the Dungeon.
You were not hungry.

You visited 1 branch of the dungeon, and saw 3 of its levels.

You collected 133 gold pieces.

Inventory:

Hand Weapons
 e - a +0 antimagic flail (weapon)
Armour
 b - a +0 buckler (worn)
 o - a +0 chain mail (worn)
Scrolls
 h - a scroll of recharging {unknown}
 i - 2 scrolls of teleportation {unknown}
 k - 2 scrolls of fear {unknown}
 n - a scroll of fog {unknown}
 q - a scroll of magic mapping {unknown}
 r - 5 scrolls of identify {unknown}
 x - a scroll of blinking {unknown}
 y - a scroll of immolation {unknown}
Potions
 m - a potion of agility {unknown}
 s - a potion of curing {unknown}
 z - a potion of lignification {unknown}
 A - a potion of poison {unknown}
Books
 c - a book of Maledictions

   Spells                             Type                      Level
   a - Corona                         Hexes                        1
   b - Ensorcelled Hibernation        Hexes/Ice                    2
   c - Confuse                        Hexes                        3
   d - Tukima's Dance                 Hexes                        3
   e - Dazzling Spray                 Conjuration/Hexes            3
Comestibles
 d - 2 bread rations
 f - 5 fruits
 l - 4 meat rations
 u - 2 beef jerkies


   Skills:
 - Level 4.2 Fighting
   Level 1.1 Short Blades
 + Level 5.3 Maces & Flails
 - Level 2.1 Dodging
 - Level 2.4 Stealth
 - Level 1.3 Spellcasting
 - Level 2.0 Hexes


You had 5 spell levels left.
You knew the following spells:

 Your Spells              Type           Power        Failure   Level  Hunger
a - Corona                Hex            #......      100%        1    ##.....


Dungeon Overview and Level Annotations

Branches:
Dungeon (3/15)

Altars:
Yredelemnul


Innate Abilities, Weirdness & Mutations

You reflexively headbutt those who attack you in melee.
You have a pair of horns on your head.


Message History

You feel very sick. The kobold closely misses you.
The kobold hits you but does no damage.
You hit the kobold but do no damage. Your headbutt misses the kobold.
* * * LOW HITPOINT WARNING * * *
You feel very sick. The kobold hits you.
* * * LOW HITPOINT WARNING * * *
Unknown command.
Your chain mail prevents you from hitting the kobold.
* * * LOW HITPOINT WARNING * * *
You feel very sick. The kobold closely misses you. You furiously retaliate!
You headbutt the kobold.
You kill the kobold!
Unknown command.
Drink which item? (? for menu, Esc to quit)
It was a potion of flight.
You feel very buoyant.
You fly up into the air.
You die...

########################
............((((@).!....
########################
####### ...<).#
...)#)##### ....#.#.#.#
......#...#


There were no monsters in sight!

Vanquished Creatures
  3 orc priests (D:3)
  2 orc wizards (D:3)
  4 adders
  A worm (D:3)
  3 giant geckos
  5 orcs
  6 giant cockroaches
  10 goblins
  10 hobgoblins
  A ball python (D:2)
  3 bats
  5 giant newts
  15 kobolds
  2 quokkas
  A quokka zombie (D:3)
  9 rats
80 creatures vanquished.

Notes
Turn   | Place    | Note
--------------------------------------------------------------
     0 | D:1      | MDvedh the Minotaur Enchanter began the quest for the Orb.
     0 | D:1      | Reached XP level 1. HP: 14/14 MP: 1/1
    71 | D:1      | Reached skill level 1 in Fighting
   153 | D:1      | Reached XP level 2. HP: 19/24 MP: 3/3
   878 | D:1      | Reached skill level 3 in Fighting
  1119 | D:2      | Reached XP level 3. HP: 31/31 MP: 4/4
  1217 | D:2      | Found a basalt altar of Yredelemnul.
  1325 | D:2      | Reached skill level 4 in Fighting
  2020 | D:3      | Reached XP level 4. HP: 40/40 MP: 5/5
  2032 | D:3      | Reached skill level 1 in Maces & Flails
  2212 | D:3      | Reached XP level 5. HP: 17/46 MP: 1/6
  2720 | D:3      | Reached skill level 5 in Maces & Flails
  3016 | D:3      | HP: 2/46 [poisoned by kobold (curare-tipped needle)]
  3017 | D:3      | Succumbed to kobold's curare-tipped needle

Action                   |  1- 3 |  4- 6 || total
-------------------------+-------+-------++-------
Melee: Dagger            |    58 |       ||    58
       Short sword       |    84 |    59 ||   143
       Flail             |       |    39 ||    39
  Use: Scroll            |     1 |       ||     1
       Potion            |       |     6 ||     6
  Eat: Chunk             |     3 |     2 ||     5
       Royal jelly       |       |     1 ||     1
